[Event "Titled Tuesday Blitz June 20 Early 2023"]
[White "Csonka, Balazs"]
[Black "Brown, Raehanna"]
[WhiteFideId "742910"]
[BlackFideId "7402740"]
[WhiteElo "2404"]
[BlackElo "1655"]
[Result "1-0"]
[Round "5"]
[TimeControl "180+2"]
[Date "2023.06.20"]
[WhiteClock "0:00:40"]
[BlackClock "0:00:04"]
[Board "141"]

1. c4 g6 2. d4 Bg7 3. Nc3 Nf6 4. e4 d6 5. f3 O-O 6. Nge2 c5 7. d5 Nbd7 8. Bg5 a6 9. Qd2 b5 10. cxb5 axb5 11. Nxb5 Ba6 12. Nec3 Qa5 13. a4 Rfb8 14. Ra3 Nb6 15. Be2 Qb4 16. O-O Nc4 17. Bxc4 Qxc4 18. Rfa1 Qb4 19. Nc7 Ra7 20. N3b5 Bxb5 21. Nxb5 Ra5 22. Qc2 Ne8 23. R1a2 c4 24. Kf1 Kf8 25. Bd2 Qc5 26. Bxa5 1-0


[Site "https://www.chess.com"]

[Event "Titled Tuesday Blitz June 20 Early 2023"]
[White "Filgueira, Hernan"]
[Black "Balla, Tamas-Kristof"]
[WhiteFideId "101770"]
[BlackFideId "1208497"]
[WhiteElo "2363"]
[BlackElo "2334"]
[Result "0-1"]
[Round "5"]
[TimeControl "180+2"]
[Date "2023.06.20"]
[WhiteClock "0:00:00"]
[BlackClock "0:00:05"]
[Board "142"]

1. e4 c5 2. Nf3 Nc6 3. Bb5 Nf6 4. d3 g6 5. O-O Bg7 6. c3 O-O 7. h3 Qc7 8. Re1 e5 9. Nbd2 d6 10. Ba4 Be6 11. Nf1 a6 12. Bg5 b5 13. Bc2 Nh5 14. Ne3 Qd7 15. Nd5 Bxd5 16. exd5 Ne7 17. d4 f6 18. Bh4 cxd4 19. cxd4 Nxd5 20. Bb3 Nf4 21. dxe5 dxe5 22. g3 Nxh3+ 23. Kh2 Rad8 24. Qxd5+ Qxd5 25. Bxd5+ Rxd5 26. Kxh3 g5 27. g4 gxh4 28. Nxh4 Rd2 29. Kg2 Bh6 30. Nf5 Bf4 31. Rab1 Rc8 32. Red1 Rcc2 33. Rxd2 Rxd2 34. Kf3 Rc2 35. a4 Kf7 36. axb5 axb5 37. Ra1 Rxb2 38. Ra7+ Kg8 39. Ke4 Rd2 40. Ne7+ Kf8 41. Kf5 b4 42. Ke6 Rd8 43. Nf5 Rb8 44. Rf7+ Kg8 45. Rg7+ Kh8 46. Ra7 b3 47. Nd6 b2 48. Nf7+ Kg8 49. g5 b1=Q 50. Nh6+ Kh8 51. Nf7+ Kg8 52. Nh6+ Kf8 53. Rf7+ Ke8 54. Re7+ Kd8 0-1


[Site "https://www.chess.com"]

[Event "Titled Tuesday Blitz June 20 Early 2023"]
[White "Ambartsumova, Karina"]
[Black "Matveeva, Olga"]
[WhiteFideId "4166299"]
[BlackFideId "24107018"]
[WhiteElo "2240"]
[BlackElo "2009"]
[Result "1-0"]
[Round "5"]
[TimeControl "180+2"]
[Date "2023.06.20"]
[WhiteClock "0:02:02"]
[BlackClock "0:00:12"]
[Board "143"]

1. Nf3 d5 2. e3 Nf6 3. c4 e6 4. Nc3 Be7 5. b3 O-O 6. Bb2 c5 7. cxd5 Nxd5 8. Qc2 Nc6 9. a3 b6 10. h4 Bb7 11. Ng5 g6 12. Nxd5 exd5 13. Nxh7 d4 14. Nxf8 Qxf8 15. h5 Qg7 16. hxg6 fxg6 17. Bc4+ Kf8 18. O-O-O Bf6 19. f4 a6 20. Rh2 b5 21. Bd5 Nb4 22. axb4 Bxd5 23. Qxc5+ Be7 24. Qxd5 Rc8+ 25. Kb1 1-0


[Site "https://www.chess.com"]

[Event "Titled Tuesday Blitz June 20 Early 2023"]
[White "Yelisieiev, Yevhenii"]
[Black "Carrasco Miranda, Andres"]
[WhiteFideId "14139642"]
[BlackFideId "3405990"]
[WhiteElo "2403"]
[BlackElo "2183"]
[Result "1-0"]
[Round "5"]
[TimeControl "180+2"]
[Date "2023.06.20"]
[WhiteClock "0:00:02"]
[BlackClock "0:00:00"]
[Board "144"]

1. d4 Nf6 2. Nf3 g6 3. g3 Bg7 4. Bg2 O-O 5. O-O d6 6. b3 Nc6 7. Bb2 a5 8. c4 a4 9. Nc3 a3 10. Bc1 Bf5 11. Nb5 Ne4 12. Nh4 e5 13. Nxf5 gxf5 14. d5 Nd4 15. Bxe4 fxe4 16. Nxa3 Qd7 17. Nc2 c5 18. dxc6 bxc6 19. Bb2 c5 20. Ne3 f5 21. Nd5 f4 22. Bxd4 cxd4 23. a4 Qh3 24. Kh1 Rae8 25. Qe1 f3 26. exf3 exf3 27. Rg1 e4 28. Nf4 Rxf4 29. gxf4 Re6 30. Rg3 Qh4 31. Qg1 Re7 32. Rg4 Qh5 33. Re1 e3 34. Rg5 Qh4 35. Rf1 e2 36. Re1 d3 37. Rd5 1-0


[Site "https://www.chess.com"]

[Event "Titled Tuesday Blitz June 20 Early 2023"]
[White "i_like_explosions"]
[Black "whiteglovethief"]
[WhiteElo "2392"]
[BlackElo "2521"]
[Result "1-0"]
[Round "5"]
[TimeControl "180+2"]
[Date "2023.06.20"]
[WhiteClock "0:00:16"]
[BlackClock "0:00:01"]
[Board "145"]

1. d4 Nf6 2. Bg5 Ne4 3. Bf4 e6 4. Nd2 Bd6 5. Bxd6 Nxd6 6. e4 f5 7. e5 Nf7 8. f4 O-O 9. Ngf3 b6 10. Be2 Bb7 11. O-O c5 12. c3 d6 13. a4 dxe5 14. dxe5 Nc6 15. Nc4 Qc7 16. Qc2 Rad8 17. Rad1 Ne7 18. Rxd8 Rxd8 19. Rd1 Nd5 20. g3 h6 21. h4 a6 22. Kf2 b5 23. axb5 axb5 24. Ne3 Nxe3 25. Kxe3 Rxd1 26. Qxd1 c4 27. Qd4 Qc6 28. Qd1 Qc5+ 29. Nd4 Bd5 30. Qa1 Nd8 31. Qa3 Qb6 32. Qb4 Nc6 33. Qxb5 Qa7 34. Bxc4 Nxd4 35. cxd4 Bxc4 36. Qxc4 Qb6 37. b4 Kh7 38. Kd3 Kg6 39. Qc3 Kh5 40. Kc4 Kg4 41. Kb3 Qb5 42. Qc4 Qd7 43. Qd3 Qd5+ 44. Ka3 Qa8+ 45. Kb2 Qd5 46. b5 Qg2+ 47. Kb3 Qd5+ 48. Kb4 Qb7 49. Qc3 g6 50. Qc6 Qa7 51. b6 Qa2 52. b7 Qb2+ 53. Kc5 Qc3+ 54. Kd6 Qxd4+ 55. Kc7 Qa7 56. Kc8 Kxg3 57. b8=Q Qe3 58. Qxe6 Qxf4 59. Qxg6+ Kxh4 60. Qbd6 Qc4+ 61. Kd8 h5 62. Qdf6+ Kh3 63. Qxh5+ Kg3 64. Qfg5+ Kf2 65. Qxf5+ Ke1 66. Qh1+ Kd2 67. Qf2+ Kc3 68. Qhf3+ Kb4 69. Qf4 Ka3 70. Q2f3+ Kb2 71. Qxc4 1-0


[Site "https://www.chess.com"]

[Event "Titled Tuesday Blitz June 20 Early 2023"]
[White "Berezin, Viktor"]
[Black "Szente Varga, Fruzsina"]
[WhiteFideId "14107872"]
[BlackFideId "712264"]
[WhiteElo "2310"]
[BlackElo "1994"]
[Result "1-0"]
[Round "5"]
[TimeControl "180+2"]
[Date "2023.06.20"]
[WhiteClock "0:00:14"]
[BlackClock "0:00:00"]
[Board "146"]

1. d4 Nf6 2. Nf3 g6 3. g3 Bg7 4. Bg2 d5 5. c4 c6 6. cxd5 cxd5 7. O-O O-O 8. Nc3 Nc6 9. Ne5 Ng4 10. Nxc6 bxc6 11. h3 Nf6 12. Na4 Ne4 13. b3 Ba6 14. Bb2 Bb5 15. Nc3 f5 16. Rc1 Qd7 17. Nxb5 cxb5 18. e3 Rac8 19. Qd3 a6 20. Ba3 Qb7 21. Bb4 Rfe8 22. Bxe4 fxe4 23. Qd2 e6 24. Rxc8 Rxc8 25. Rc1 Kf7 26. Rc5 Rxc5 27. Bxc5 Bf8 28. Qb4 Bxc5 29. Qxc5 Qd7 30. Kg2 Kg7 31. Qb6 Qc8 32. a4 bxa4 33. bxa4 Kf7 34. a5 Kf6 35. h4 Qc4 36. Qd8+ Kf7 37. Qd7+ Kf6 38. g4 1-0


[Site "https://www.chess.com"]

[Event "Titled Tuesday Blitz June 20 Early 2023"]
[White "Abduzhaparov"]
[Black "Ismayil, Malak"]
[BlackFideId "13412604"]
[WhiteElo "2388"]
[BlackElo "1868"]
[Result "0-1"]
[Round "5"]
[TimeControl "180+2"]
[Date "2023.06.20"]
[WhiteClock "0:00:00"]
[BlackClock "0:00:05"]
[Board "147"]

1. Nf3 Nf6 2. c4 e6 3. g3 d5 4. Bg2 Be7 5. d4 O-O 6. Qc2 a6 7. Nbd2 Bd7 8. O-O dxc4 9. Nxc4 Bc6 10. Rd1 Nbd7 11. Nfe5 Bxg2 12. Kxg2 Qc8 13. Bg5 h6 14. Nxd7 Qxd7 15. Bxf6 Bxf6 16. e3 c5 17. Ne5 Bxe5 18. dxe5 Qc6+ 19. f3 Rfd8 20. Rac1 b6 21. b4 Rxd1 22. Rxd1 c4 23. Rd6 Qb5 24. Qc3 Rc8 25. h4 a5 26. bxa5 bxa5 27. h5 a4 28. g4 a3 29. Kg3 Qb2 30. Qa5 Qxa2 31. Rd8+ Rxd8 32. Qxd8+ Kh7 33. Qd7 Qb2 34. f4 Qc1 35. Qxf7 Qxe3+ 36. Kh4 Qf2+ 37. Kh3 Qf1+ 38. Kg3 Qd3+ 39. Kh4 a2 40. f5 Qd8+ 41. f6 Qg8 42. Qg6+ Kh8 43. f7 Qd8+ 0-1


[Site "https://www.chess.com"]

[Event "Titled Tuesday Blitz June 20 Early 2023"]
[White "Guha, Eshan"]
[Black "Dixit, Nikhil"]
[WhiteFideId "30958628"]
[BlackFideId "5059534"]
[WhiteElo "2381"]
[BlackElo "2207"]
[Result "0-1"]
[Round "5"]
[TimeControl "180+2"]
[Date "2023.06.20"]
[WhiteClock "0:00:00"]
[BlackClock "0:01:15"]
[Board "148"]

1. d4 Nf6 2. c4 g6 3. g3 Bg7 4. Bg2 O-O 5. Nc3 d6 6. Nf3 Nbd7 7. O-O e5 8. e4 exd4 9. Nxd4 Re8 10. Re1 a6 11. h3 Rb8 12. Be3 Ne5 13. b3 c5 14. Nde2 b5 15. f4 Ned7 16. cxb5 axb5 17. Qxd6 b4 18. e5 bxc3 19. exf6 Rxe3 20. fxg7 Rb6 21. Qd1 Rbe6 22. Kf2 Ba6 23. Bf3 Qe7 24. Qc2 Nf6 25. Rad1 h5 26. Qc1 h4 27. Nxc3 hxg3+ 28. Kxg3 Nh5+ 0-1


[Site "https://www.chess.com"]

[Event "Titled Tuesday Blitz June 20 Early 2023"]
[White "sebastianmarinp"]
[Black "Shapiro, Viktor"]
[BlackFideId "4175700"]
[WhiteElo "2378"]
[BlackElo "2212"]
[Result "0-1"]
[Round "5"]
[TimeControl "180+2"]
[Date "2023.06.20"]
[WhiteClock "0:00:00"]
[BlackClock "0:00:24"]
[Board "149"]

1. e4 Nf6 2. e5 Nd5 3. d4 d6 4. Nf3 Bg4 5. Be2 e6 6. h3 Bh5 7. O-O Be7 8. c4 Nb6 9. Nc3 O-O 10. Be3 Nc6 11. exd6 cxd6 12. d5 exd5 13. cxd5 Bxf3 14. Bxf3 Ne5 15. Be2 Nec4 16. Bd4 Bf6 17. b3 Ne5 18. Ne4 Nxd5 19. Nxf6+ Nxf6 20. Rc1 Nc6 21. Bb2 d5 22. Bf3 Ne4 23. Re1 Re8 24. Re2 Qa5 25. a3 Rad8 26. b4 Qb6 27. Qe1 f5 28. Rc5 Kf7 29. Rc1 Nd4 30. Re3 Re7 31. Bd1 f4 32. Rd3 Ne6 33. Qf1 Red7 34. Rf3 g5 35. g3 Qd6 36. Qd3 Kg8 37. Kg2 Rf7 38. Bb3 fxg3 39. fxg3 Rxf3 40. Qxf3 Rf8 41. Qd3 Rf5 42. Rd1 Rf2+ 43. Kg1 Rxb2 44. Bxd5 Nf6 45. Qc3 Re2 46. Bb3 Qe5 47. Qc8+ Kg7 0-1


[Site "https://www.chess.com"]

[Event "Titled Tuesday Blitz June 20 Early 2023"]
[White "Vyatkin, Dmitry"]
[Black "Ziegler, Ari"]
[WhiteFideId "4171900"]
[BlackFideId "1700987"]
[WhiteElo "2279"]
[BlackElo "2288"]
[Result "0-1"]
[Round "5"]
[TimeControl "180+2"]
[Date "2023.06.20"]
[WhiteClock "0:00:00"]
[BlackClock "0:00:01"]
[Board "151"]

1. d4 Nf6 2. c4 e6 3. g3 d5 4. Nf3 Bb4+ 5. Bd2 Bd6 6. Bg2 O-O 7. O-O Nbd7 8. Qc2 c6 9. b3 Ne4 10. Nc3 Nxd2 11. Nxd2 f5 12. e3 Qf6 13. f4 Kh8 14. c5 Bc7 15. b4 b6 16. a4 bxc5 17. bxc5 Ba6 18. Rfb1 Rab8 19. Na2 Ba5 20. Nb3 Bc7 21. Qc3 Bc4 22. Nb4 Bxb3 23. Rxb3 Ba5 24. Rab1 Qf7 25. Qb2 Bxb4 26. Rxb4 h6 27. Qc3 Qh5 28. Qd2 Kh7 29. a5 a6 30. Bf1 Rxb4 31. Rxb4 Nf6 32. Qe2 Qg6 33. Qxa6 Ne4 34. Qe2 Ra8 35. a6 Qf7 36. Rb7 Qf8 37. Qb2 Qd8 38. Qb6 Qe8 39. Bd3 Qh5 40. Qb1 Qf3 41. Qe1 Nf6 42. a7 Ng4 43. Qe2 Qxe3+ 44. Qxe3 Nxe3 0-1


[Site "https://www.chess.com"]

[Event "Titled Tuesday Blitz June 20 Early 2023"]
[White "Przybylski, Wojciech"]
[Black "Daianu, Cristian-Clement"]
[WhiteFideId "1117599"]
[BlackFideId "1208926"]
[WhiteElo "2228"]
[BlackElo "2097"]
[Result "1-0"]
[Round "5"]
[TimeControl "180+2"]
[Date "2023.06.20"]
[WhiteClock "0:01:50"]
[BlackClock "0:02:13"]
[Board "152"]

1. d4 d5 2. Nf3 c6 3. g3 e6 4. Bg2 Bd6 5. O-O Nd7 6. Nbd2 f5 7. c4 Ngf6 8. Re1 O-O 9. b3 Kh8 10. e3 Qe8 11. Bb2 e5 12. dxe5 Nxe5 13. cxd5 Nxd5 14. Nxe5 Bxe5 15. Bxe5 Qxe5 16. Nc4 Qf6 17. Qd2 Be6 18. Rac1 Rad8 19. Qe2 Rfe8 20. a3 Nc3 21. Qc2 Bd5 22. Qxc3 1-0


[Site "https://www.chess.com"]

[Event "Titled Tuesday Blitz June 20 Early 2023"]
[White "Nikolova, Adriana"]
[Black "Buscar, Michael"]
[WhiteFideId "2908689"]
[BlackFideId "2603616"]
[WhiteElo "2213"]
[BlackElo "2010"]
[Result "0-1"]
[Round "5"]
[TimeControl "180+2"]
[Date "2023.06.20"]
[WhiteClock "0:00:00"]
[BlackClock "0:00:12"]
[Board "153"]

1. g3 Nf6 2. Bg2 e6 3. b3 d5 4. Bb2 Be7 5. d3 O-O 6. Nf3 Nbd7 7. Nbd2 c6 8. O-O Re8 9. e4 dxe4 10. dxe4 Qc7 11. Qe2 Nf8 12. c4 N6d7 13. Rad1 e5 14. h4 f6 15. Bh3 Nc5 16. Bg2 Bg4 17. Nb1 Rad8 18. Bc3 Nce6 19. Qb2 a5 20. Rxd8 Rxd8 21. Nh2 Bh5 22. Nd2 Bc5 23. Kh1 Nd4 24. Ndf3 Nfe6 25. Nxd4 Nxd4 26. f4 Ne2 27. Be1 Rd1 28. Bf3 Bxf3+ 29. Nxf3 Nxg3+ 30. Kg2 Nxf1 31. Kxf1 exf4 32. Qe2 Qd7 33. Kg2 Qg4+ 34. Kh2 Rd3 35. Qxd3 Be3 36. Qe2 g5 37. Qg2 Qh5 38. Nxg5 fxg5 39. Qxg5+ Qxg5 40. hxg5 Kg7 41. Kg2 Kg6 42. Bxa5 Kxg5 43. Kf3 h5 44. Bd8+ Kg6 45. Bc7 Kg5 46. Bd8+ Kg6 47. a4 Kh6 48. b4 Kg6 49. b5 cxb5 50. cxb5 Kf7 51. a5 Ke6 52. a6 bxa6 53. bxa6 Ba7 54. Kxf4 Kd7 55. Bf6 Kc6 56. Bd8 Kb5 0-1


[Site "https://www.chess.com"]

[Event "Titled Tuesday Blitz June 20 Early 2023"]
[White "Toncheva, Nadya"]
[Black "Brueckner, Thomas"]
[WhiteFideId "2924056"]
[BlackFideId "4600452"]
[WhiteElo "2101"]
[BlackElo "2319"]
[Result "1-0"]
[Round "5"]
[TimeControl "180+2"]
[Date "2023.06.20"]
[WhiteClock "0:01:29"]
[BlackClock "0:00:10"]
[Board "154"]

1. e4 c6 2. d4 d5 3. Nc3 dxe4 4. Nxe4 Nf6 5. Nxf6+ exf6 6. c3 Bd6 7. Bd3 O-O 8. Ne2 Re8 9. O-O Nd7 10. Ng3 Nf8 11. f4 Qc7 12. f5 c5 13. Nh5 cxd4 14. cxd4 Bxh2+ 15. Kh1 Bd6 16. Bh6 gxh6 17. Nxf6+ Kh8 18. Nxe8 Qd8 19. Nxd6 Qh4+ 20. Kg1 Qxd4+ 21. Rf2 Qxd6 22. Bc4 Qf6 23. Qf3 Rb8 24. Re1 Bd7 25. Qd5 Bc6 26. Qxf7 Qxf7 27. Bxf7 Kg7 28. Bb3 Kf6 29. Rd1 Nd7 30. Rd6+ Ke7 31. Rxh6 Nc5 32. Rxh7+ Kf6 33. Rh6+ Ke5 34. f6 Nxb3 35. axb3 Rf8 36. f7 Bd5 37. Rg6 Rxf7 38. Rxf7 Bxf7 39. Rg7 Bd5 40. Kf2 Kd4 41. g4 Kc5 42. Rg5 Kd4 43. Rxd5+ Kxd5 44. Ke3 Ke5 45. b4 b5 46. b3 a6 47. g5 Kf5 48. Kd4 Kxg5 49. Kc5 Kf4 50. Kb6 Ke4 51. Kxa6 Kd4 52. Kxb5 Kc3 53. Kc5 Kxb3 54. b5 Kc3 55. b6 Kd3 56. b7 Ke4 57. b8=Q Kf3 58. Qe8 Kf4 59. Kd4 Kf5 60. Qe5+ Kg6 61. Qf4 Kg7 62. Ke5 Kg6 63. Qf6+ Kh5 64. Qg7 Kh4 65. Kf4 Kh3 66. Qg3# 1-0


[Site "https://www.chess.com"]

[Event "Titled Tuesday Blitz June 20 Early 2023"]
[White "Santos Flores, Alberto"]
[Black "Samaganova, Aleksandra"]
[WhiteFideId "3601234"]
[BlackFideId "13800221"]
[WhiteElo "2235"]
[BlackElo "1858"]
[Result "1-0"]
[Round "5"]
[TimeControl "180+2"]
[Date "2023.06.20"]
[WhiteClock "0:00:06"]
[BlackClock "0:00:00"]
[Board "155"]

1. e4 c5 2. Nf3 e6 3. g3 Nc6 4. Bg2 g6 5. d4 cxd4 6. Nxd4 a6 7. Nc3 Bg7 8. Nb3 Nge7 9. O-O O-O 10. Bf4 b5 11. Bd6 Bb7 12. f4 Re8 13. Kh1 Na5 14. Nxa5 Qxa5 15. Bxe7 Rxe7 16. e5 Qc7 17. Bxb7 Qxb7+ 18. Qf3 Qa7 19. Ne4 Rc8 20. c3 Rc6 21. Rfd1 Re8 22. Rd3 Rec8 23. Rad1 R8c7 24. Rd4 Rb7 25. Qd3 Rcc7 26. b4 h6 27. Nc5 Rb8 28. Rxd7 Rxd7 29. Qxd7 Qa8+ 30. Kg1 Bf8 31. Kf2 a5 32. a3 axb4 33. axb4 Qa2+ 34. Rd2 Qa1 35. Qc7 Qxc3 36. Rd3 Qc2+ 37. Ke3 Ra8 38. Nxe6 Qxc7 39. Nxc7 Rc8 40. Nxb5 Rb8 41. Nd6 Rxb4 42. h4 Rb2 43. Kf3 Rh2 44. Ne4 Rh1 45. Rd7 Rf1+ 46. Kg2 Re1 47. Nd6 Re2+ 48. Kf3 Rd2 49. Ke3 Rd1 50. Rd8 Kg7 51. Ne8+ Kg8 52. Rxd1 1-0


[Site "https://www.chess.com"]

[Event "Titled Tuesday Blitz June 20 Early 2023"]
[White "Kuzmin, Ilya"]
[Black "Mattheii"]
[WhiteFideId "4153863"]
[WhiteElo "2093"]
[BlackElo "2467"]
[Result "0-1"]
[Round "5"]
[TimeControl "180+2"]
[Date "2023.06.20"]
[WhiteClock "0:00:40"]
[BlackClock "0:00:52"]
[Board "156"]

1. d4 Nf6 2. c4 e6 3. Nf3 b6 4. e3 Bb7 5. Bd3 d5 6. b3 Be7 7. O-O O-O 8. Bb2 Nbd7 9. cxd5 Nxd5 10. Nc3 c5 11. Nxd5 Bxd5 12. e4 Bb7 13. Qe2 cxd4 14. Nxd4 Nc5 15. Rfd1 Bf6 16. e5 Be7 17. Nxe6 fxe6 18. Bxh7+ Kxh7 19. Qh5+ Kg8 20. Rxd8 Raxd8 21. Qg6 Bd5 22. Ba3 Rf5 23. Re1 Rdf8 24. f3 Bxf3 25. gxf3 Rg5+ 0-1


[Site "https://www.chess.com"]

[Event "Titled Tuesday Blitz June 20 Early 2023"]
[White "Nithyalakshmi, Sivanesan"]
[Black "LangesNasenhaar"]
[WhiteFideId "5706955"]
[WhiteElo "1815"]
[BlackElo "2465"]
[Result "1-0"]
[Round "5"]
[TimeControl "180+2"]
[Date "2023.06.20"]
[WhiteClock "0:00:03"]
[BlackClock "0:00:22"]
[Board "157"]

1. e4 d6 2. Nc3 Nf6 3. Bc4 c6 4. d3 e5 5. f4 Be7 6. Nf3 Nbd7 7. O-O O-O 8. Qe1 exf4 9. Bxf4 b5 10. Bb3 a5 11. a3 Nc5 12. Ba2 Bg4 13. d4 Ne6 14. Be3 b4 15. axb4 axb4 16. Ne2 Nxe4 17. Nf4 d5 18. Ne5 Qc8 19. Nxg4 Nxf4 20. Rxf4 Bg5 21. Rxe4 dxe4 22. Bxg5 Qxg4 23. Be3 h6 24. Qf1 Kh7 25. Bc4 Rxa1 26. Qxa1 f5 27. h3 Qg3 28. Bf2 Qd6 29. Qe1 Re8 30. c3 f4 31. Kh1 e3 32. Bg1 bxc3 33. Qb1+ Kh8 34. bxc3 f3 35. gxf3 Qg3 36. Qf5 e2 37. Bd3 g6 38. Qf6+ Kg8 39. Bc4+ Kh7 40. Qf7+ Kh8 41. Qxe8+ Kh7 42. Qf7+ Kh8 43. Qf8+ Kh7 44. Bg8+ Kh8 45. Bf7+ Kh7 46. Qg8# 1-0


[Site "https://www.chess.com"]

[Event "Titled Tuesday Blitz June 20 Early 2023"]
[White "Manukian, Artak"]
[Black "Sariego Figueredo, Wilfredo"]
[WhiteFideId "13301373"]
[BlackFideId "3500080"]
[WhiteElo "2130"]
[BlackElo "2309"]
[Result "1-0"]
[Round "5"]
[TimeControl "180+2"]
[Date "2023.06.20"]
[WhiteClock "0:00:26"]
[BlackClock "0:00:01"]
[Board "158"]

1. e4 c5 2. Nf3 a6 3. c3 e6 4. d4 d5 5. e5 Nc6 6. Bd3 Qb6 7. O-O Bd7 8. dxc5 Bxc5 9. b4 Be7 10. Be3 Qd8 11. Nbd2 h5 12. Nb3 Nh6 13. Bc5 O-O 14. Bxe7 Nxe7 15. Nfd4 g6 16. Qd2 Kg7 17. Qg5 Nef5 18. Nxf5+ Nxf5 19. Qxd8 Rfxd8 20. Bxf5 gxf5 21. Nd4 Rac8 22. Rfc1 Rc4 23. f3 Rdc8 24. Ne2 b6 25. Kf2 a5 26. a3 axb4 27. axb4 Bb5 28. Ke3 Rh4 29. Nd4 Be8 30. h3 Rc4 31. Kd2 Bd7 32. Ra7 Bc8 33. Rca1 Kg6 34. Ra8 f6 35. exf6 Kxf6 36. Rb8 e5 37. Ne2 d4 38. Rxb6+ Kg5 39. cxd4 exd4 40. f4+ Rxf4 41. Nxf4 Kxf4 42. Rf1+ Kg3 43. Kd3 Rc3+ 44. Kxd4 Rc2 45. b5 Bd7 46. Rb1 Kxg2 47. Rd6 Rd2+ 48. Kc5 Be8 49. Rxd2+ Kxh3 50. Rb3+ Kg4 51. b6 Bf7 52. Rb4+ f4 53. b7 h4 54. b8=Q h3 55. Qxf4+ 1-0


[Site "https://www.chess.com"]

[Event "Titled Tuesday Blitz June 20 Early 2023"]
[White "Bazilius, Augustinas"]
[Black "Gyulamiryan-koryun"]
[WhiteFideId "12832251"]
[WhiteElo "1980"]
[BlackElo "1750"]
[Result "1-0"]
[Round "5"]
[TimeControl "180+2"]
[Date "2023.06.20"]
[WhiteClock "0:01:23"]
[BlackClock "0:00:00"]
[Board "159"]

1. d4 Nf6 2. c4 e6 3. Nf3 d5 4. g3 Bb4+ 5. Bd2 Qe7 6. Bg2 O-O 7. O-O Nbd7 8. Bg5 c5 9. a3 Ba5 10. cxd5 exd5 11. dxc5 h6 12. Be3 Re8 13. b4 Bc7 14. Nc3 Ne5 15. Nxd5 Nxd5 16. Qxd5 Ng4 17. Bd4 Be6 18. Qxb7 a5 19. h3 Nf6 20. Bxf6 gxf6 21. Nd4 Be5 22. Qxe7 Rxe7 23. Nc6 Rea7 24. Nxe5 fxe5 25. Bxa8 Rxa8 26. b5 Bc4 27. b6 Bxe2 28. b7 Rb8 29. c6 1-0


[Site "https://www.chess.com"]

[Event "Titled Tuesday Blitz June 20 Early 2023"]
[White "Howell, David W L"]
[Black "Rosenberg, Evan S"]
[WhiteFideId "410608"]
[BlackFideId "2019299"]
[WhiteElo "2567"]
[BlackElo "2340"]
[Result "1-0"]
[Round "5"]
[TimeControl "180+2"]
[Date "2023.06.20"]
[WhiteClock "0:00:36"]
[BlackClock "0:00:04"]
[Board "160"]

1. b3 e5 2. Bb2 Nc6 3. e3 d5 4. Bb5 Ne7 5. Bxe5 a6 6. Bxc6+ Nxc6 7. Bb2 Qg5 8. Qf3 Bf5 9. d3 O-O-O 10. Nh3 Qg4 11. Qxg4 Bxg4 12. Ng5 Rd7 13. h3 Bh5 14. a3 h6 15. Nf3 Bd6 16. g4 Bg6 17. Bxg7 Rh7 18. Bb2 Re7 19. Nbd2 Nd8 20. O-O-O c6 21. Rdg1 Ne6 22. h4 h5 23. g5 Ng7 24. b4 Nf5 25. Nb3 b6 26. Bf6 Ra7 27. Ne5 Kc7 28. Kb2 a5 29. c3 axb4 30. axb4 Ne7 31. Ra1 Kb7 32. Rxa7+ Kxa7 33. Nd4 Bxe5 34. Bxe5 Bxd3 35. Bf6 Ng8 36. Nxc6+ Kb7 37. Ne5 Nxf6 38. gxf6 Be4 39. Rg1 Rh6 40. Rg7 Rxf6 41. Rxf7+ Rxf7 42. Nxf7 Kc6 43. Ng5 Bf5 44. Kb3 Kd6 45. c4 dxc4+ 46. Kxc4 Ke5 47. Kb5 1-0


[Site "https://www.chess.com"]

[Event "Titled Tuesday Blitz June 20 Early 2023"]
[White "Ovezdurdyyeva, Jemal"]
[Black "Danielyan, Vahe"]
[WhiteFideId "14001888"]
[BlackFideId "13304828"]
[WhiteElo "2069"]
[BlackElo "2423"]
[Result "0-1"]
[Round "5"]
[TimeControl "180+2"]
[Date "2023.06.20"]
[WhiteClock "0:00:00"]
[BlackClock "0:00:06"]
[Board "161"]

1. e4 c5 2. Nf3 d6 3. d4 cxd4 4. Nxd4 Nf6 5. Nc3 a6 6. Bc4 Qc7 7. Bb3 e6 8. O-O b5 9. a3 Bb7 10. Qe2 Nbd7 11. f3 Nc5 12. Be3 Be7 13. Kh1 O-O 14. Rad1 Nxb3 15. Nxb3 d5 16. exd5 Nxd5 17. Nxd5 Bxd5 18. Qf2 Rac8 19. Rd2 Rfd8 20. Rfd1 h6 21. Bb6 Qb7 22. Bxd8 Bxd8 23. Nc5 Qa7 24. Nd3 Bb6 25. Qg3 Qe7 26. Nf4 Bc6 27. Nh5 Qg5 28. Qxg5 hxg5 29. Ng3 Bd5 30. Ne4 f6 31. Nc3 Bc6 32. Rd6 Kf7 33. Re1 e5 34. Red1 Bd4 35. Ne2 Bb6 36. c3 Ke7 37. Ng3 Bc5 38. R6d3 g6 39. Ne4 Bb6 40. Rd6 Be3 41. b4 g4 42. R6d3 Bb6 43. h3 gxf3 44. gxf3 f5 45. Ng3 Bc7 46. Kg2 Rh8 47. Re1 Rh4 0-1


[Site "https://www.chess.com"]

[Event "Titled Tuesday Blitz June 20 Early 2023"]
[White "Gritsenko, Nikolai"]
[Black "Cardozo Munar, Carlos Eduardo"]
[WhiteFideId "14112493"]
[BlackFideId "4409477"]
[WhiteElo "2389"]
[BlackElo "2067"]
[Result "1-0"]
[Round "5"]
[TimeControl "180+2"]
[Date "2023.06.20"]
[WhiteClock "0:00:28"]
[BlackClock "0:00:15"]
[Board "162"]

1. d4 d5 2. Bg5 Nd7 3. e3 Ngf6 4. Nd2 e6 5. c3 Be7 6. f4 c5 7. Bd3 a6 8. Ngf3 b5 9. a3 Bb7 10. O-O Ne4 11. Bxe7 Qxe7 12. Ne5 f5 13. Bxe4 fxe4 14. Nxd7 Qxd7 15. dxc5 O-O 16. b4 Rf6 17. Nb3 Raf8 18. Qe2 Qe7 19. Nd4 Bc8 20. Rae1 e5 21. fxe5 Qxe5 22. Rxf6 Rxf6 23. Rf1 Rh6 24. g3 Bh3 25. Rf4 Rf6 26. Qf2 Kf7 27. Rxf6+ gxf6 28. Qe2 f5 29. Qh5+ Ke7 30. Qxh7+ Kf6 31. Qh8+ Kg5 32. Qxe5 1-0


[Site "https://www.chess.com"]

[Event "Titled Tuesday Blitz June 20 Early 2023"]
[White "Korchmar, Vasiliy"]
[Black "Shapiro, Daniel"]
[WhiteFideId "24131750"]
[BlackFideId "2001780"]
[WhiteElo "2370"]
[BlackElo "2330"]
[Result "1/2-1/2"]
[Round "5"]
[TimeControl "180+2"]
[Date "2023.06.20"]
[WhiteClock "0:01:52"]
[BlackClock "0:00:31"]
[Board "163"]

1. e4 e5 2. Nf3 Nc6 3. Nc3 Nf6 4. Bb5 Bb4 5. O-O d6 6. d3 O-O 7. Bg5 Bxc3 8. bxc3 Qe7 9. Re1 Nd8 10. d4 Ne6 11. Bc1 c6 12. Bf1 Nc7 13. g3 Re8 14. Bg2 Bg4 15. h3 Bh5 16. g4 Bg6 17. Nh4 Rad8 18. f4 exf4 19. Nxg6 hxg6 20. Bxf4 Nh7 21. Qd2 g5 22. Bg3 f6 23. Re3 Nf8 24. Rf1 Ng6 25. Qe2 Ne6 26. e5 Nef4 27. Qc4+ Kh8 28. Rfe1 dxe5 29. dxe5 Nxe5 30. Bxf4 Nxc4 31. Rxe7 Rxe7 32. Rxe7 gxf4 33. Rxb7 Rd1+ 34. Kf2 Rd2+ 35. Kg1 Rd1+ 36. Kh2 Rd2 37. Kg1 Rd1+ 1/2-1/2


[Site "https://www.chess.com"]

[Event "Titled Tuesday Blitz June 20 Early 2023"]
[White "Mendez Fortes, Eduardo Jesus"]
[Black "Afanasieva, Alexandra"]
[WhiteFideId "3502376"]
[BlackFideId "34126926"]
[WhiteElo "2307"]
[BlackElo "1736"]
[Result "1-0"]
[Round "5"]
[TimeControl "180+2"]
[Date "2023.06.20"]
[WhiteClock "0:00:43"]
[BlackClock "0:00:00"]
[Board "164"]

1. e4 c5 2. Nf3 e6 3. d4 cxd4 4. Nxd4 Nf6 5. Nc3 Nc6 6. Ndb5 d6 7. Bf4 e5 8. Bg5 a6 9. Na3 b5 10. Nd5 Be7 11. Bxf6 gxf6 12. c4 b4 13. Nc2 Be6 14. Be2 Rg8 15. O-O Rb8 16. Nce3 Qd7 17. h3 Bxh3 18. Bh5 Nd4 19. g3 Bxf1 20. Qxf1 f5 21. exf5 Nxf5 22. Nxf5 Qxf5 23. Qe2 Bh4 24. Bf3 Kd7 25. Rd1 Bxg3 26. fxg3 Rxg3+ 27. Bg2 Rbg8 28. Ne3 Qg5 29. Rd3 e4 30. Rb3 a5 31. c5 a4 32. Qb5+ Ke6 33. Qc4+ Kf6 34. Qd4+ Kg6 35. Qxe4+ Kh6 36. Nf5+ 1-0


[Site "https://www.chess.com"]